 Dungeon Crawl Stone Soup version 0.17-a0-854-g4a4ba72 (webtiles) character file.

40 Lokkij the Stinger (level 3, -1/19 HPs)
             Began as a Tengu Venom Mage on Apr 28, 2015.
             Slain by Crazy Yiuf
             ... wielding a +4 quarterstaff of chaos
              (3 damage)
             ... on level 2 of the Dungeon.
             The game lasted 00:03:56 (1272 turns).

Lokkij the Stinger (Tengu Venom Mage)               Turns: 1272, Time: 00:03:57

Health: -1/19      AC:  2    Str:  8    XL:     3   Next: 50%
Magic:  3/8        EV: 12    Int: 16    God:
Gold:   99         SH:  0    Dex: 14    Spells: 2 memorised, 3 levels left

rFire  + . .     SeeInvis +     g - +0 dagger
rCold  . . .     Clarity  .     a - +0 robe
rNeg   . . .     SustAb   .     (no shield)
rPois  .         Gourm    .     (helmet restricted)
rElec  .         Spirit   .     (no cloak)
rCorr  .         Warding  .     (no gloves)
rMut   .         Stasis   .     (boots unavailable)
MR     .....                    s - amulet of regeneration
Stlth  ++........               l - ring of protection from fire
                                i - ring of see invisible

@: very slightly contaminated, slowed, very slow, not resistant to hostile
enchantments, unstealthy
A: beak, talons 3
a: no special abilities


You were on level 2 of the Dungeon.
You were not hungry.

You visited 1 branch of the dungeon, and saw 2 of its levels.

You collected 99 gold pieces.

Inventory:

Hand weapons
 g - a +0 dagger (weapon)
Missiles
 r - 4 tomahawks of returning (quivered)
Armour
 a - a +0 robe (worn)
Jewellery
 i - a ring of see invisible (left hand)
 l - a ring of protection from fire (right hand)
 s - an amulet of regeneration (around neck)
Scrolls
 h - a scroll of blinking {unknown}
 j - a scroll of identify {unknown}
 k - a scroll of magic mapping {unknown}
 m - a scroll of remove curse {unknown}
 p - a scroll of noise {unknown}
Potions
 d - a potion of haste {unknown}
 o - a potion of resistance {unknown}
Books
 b - a Young Poisoner's Handbook

   Spells                             Type                      Level
   a - Sting                          Conjuration/Poison           1
   b - Cure Poison                    Poison                       2
   c - Mephitic Cloud                 Conjuration/Poison/Air       3
   d - Olgreb's Toxic Radiance        Poison                       4
   e - Venom Bolt                     Conjuration/Poison           5
Comestibles
 c - a bread ration
 f - 3 meat rations
 q - 3 fruits
 t - a chunk of flesh


   Skills:
 - Level 2.1 Dodging
 - Level 2.0 Stealth
 + Level 2.7 Spellcasting
 + Level 3.0 Conjurations
 - Level 4.0 Poison Magic


You had 3 spell levels left.
You knew the following spells:

 Your Spells              Type           Power        Failure   Level  Hunger
a - Sting                 Conj/Pois      ##..         6%          1    #......
b - Mephitic Cloud        Conj/Pois/Air  #.......     21%         3    ###....


Dungeon Overview and Level Annotations

Branches:
Dungeon (2/15)

Altars:

Annotations:
D:2 Crazy Yiuf


Innate Abilities, Weirdness & Mutations

You have a beak for a mouth.
You have claws for feet.


Message History

You feel yourself slow down.
Crazy Yiuf cries, "Gum!
Cholesterol canine senile."
Crazy Yiuf closely misses you.
Drink which item? (? for menu, Esc to quit)
You feel better.
Crazy Yiuf hits you with a quarterstaff of chaos!
Ouch! That really hurt!
* * * LOW HITPOINT WARNING * * *
Crazy Yiuf burns you.
* * * LOW HITPOINT WARNING * * *
Casting: Sting
Confirm with . or Enter, or press ? or * to list all spells.
Aiming: Sting
Press: ? - help, Shift-Dir - straight line, f/p - Crazy Yiuf
Aim: Crazy Yiuf, wielding a quarterstaff of chaos and wearing a cloak (severely wounded, poisoned, slightly transparent)
The sting hits Crazy Yiuf.
Crazy Yiuf is almost dead.
Crazy Yiuf says, "Snower illywillydillykilly song!"
Crazy Yiuf hits you with a quarterstaff of chaos.
You die...

#####
##...#####
#......g.#
##..####@#
#....# #.#
♣P.PP♣ #.#
♣♣.P.♣ #.####
♣♣.♣♣ #....#
♣♣.♣ #...<#
♣.♣♣ #.##.#
♣.♣
#[##.#########
.♣♣
#........#...#


You could see Crazy Yiuf (invisible).

Vanquished Creatures
  An adder (D:2)
  A worm (D:2)
  A giant gecko (D:1)
  3 bats (D:1)
  A giant cockroach (D:1)
  4 hobgoblins (D:1)
  4 kobolds (D:1)
  2 giant newts (D:1)
  4 goblins (D:1)
  9 rats
30 creatures vanquished.

Notes
Turn   | Place    | Note
--------------------------------------------------------------
     0 | D:1      | Lokkij, the Tengu Venom Mage, began the quest for the Orb.
     0 | D:1      | Reached XP level 1. HP: 10/10 MP: 4/4
   111 | D:1      | Reached skill level 1 in Conjurations
   261 | D:1      | Reached XP level 2. HP: 15/15 MP: 3/6
   689 | D:1      | Reached XP level 3. HP: 19/19 MP: 4/7
   742 | D:1      | Learned a level 3 spell: Mephitic Cloud
  1250 | D:2      | Noticed Crazy Yiuf
  1272 | D:2      | Slain by Crazy Yiuf

Action                   || total
-------------------------++-------
Melee: Unarmed           ||     7
       Dagger            ||    26
 Cast: Sting             ||    55
  Use: Potion            ||     4
 Stab: Sleeping          ||     1
  Eat: Chunk             ||     2
